 Dungeon Crawl Stone Soup version 0.29.0-15-g675c0067aa (webtiles) character file.

Game seed: 1240938327377407158

380 qw the Cleaver (level 6, -1/49 (52) HPs)
             Began as a Minotaur Berserker on Sept 12, 2022.
             Was a Priest of Trog.
             Slain by a wight
             ... wielding a +2 trident of freezing
              (5 damage)
             ... on level 4 of the Dungeon.
             The game lasted 00:01:08 (3252 turns).

qw the Cleaver (Minotaur Berserker)                 Turns: 3252, Time: 00:01:09

HP:   -1/49 (52)    AC: 13    Str: 24    XL:     6   Next: 46%
MP:   5/5           EV:  7    Int:  4    God:    Trog [***...]
Gold: 213           SH:  0    Dex:  9    Spells: 5/5 levels left

rFire   . . .      SeeInvis .   Y - +0 hand axe
rCold   . . .      Faith    .   (no shield)
rNeg    . . .      Spirit   .   o - +0 plate armour
rPois   .          Reflect  .   (helmet restricted)
rElec   .          Harm     .   g - +1 cloak
rCorr   .          Rampage  .   (no gloves)
Will    ++...                   (no boots)
Stlth   ..........              (no amulet)
HPRegen 0.16/turn               h - ring of willpower
MPRegen 0.09/turn               b - ring of willpower

@: about to teleport, drained
A: horns 2, retaliatory headbutt
a: Renounce Religion, Berserk, Trog's Hand


You were on level 4 of the Dungeon.
You worshipped Trog.
Trog was most pleased with you.
You visited 1 branch of the dungeon, and saw 4 of its levels.

You collected 213 gold pieces.


Innate Abilities, Weirdness & Mutations

You have a pair of horns on your head.
You reflexively headbutt those who attack you in melee.


   Skills:
 - Level 4.1 Fighting
 + Level 8.0 Axes
 - Level 3.9 Armour
 - Level 2.1 Dodging


You had 5 spell levels left.
You didn't know any spells.
Your spell library was empty.

Inventory:

Hand Weapons
 j - a +0 whip
 Y - a +0 hand axe (weapon)
Armour
 g - a +1 cloak (worn)
 o - a +0 plate armour (worn)
Jewellery
 b - a ring of willpower (right hand)
 h - a ring of willpower (left hand)
 k - a ring of positive energy
Scrolls
 a - 4 scrolls of identify
 e - a scroll of enchant weapon {unknown}
Potions
 c - a potion of heal wounds
 f - a potion of curing {unknown}
 l - a potion of haste {unknown}
 m - a potion of cancellation {unknown}
 n - a potion of might
 q - a potion of brilliance {unknown}

Dungeon Overview and Level Annotations

Branches:
Dungeon (4/15)
 Temple: D:4-7

Altars:

Shops:
D:2 (   D:4 [

Portals:
Abyss: D:3

Annotations:
D:3 2 transporters, qw's ghost, amateur GrFi
D:4 1 runed translucent door, Crazy Yiuf


Message History

A wight comes into view. It is wielding a +0 flail.
The wight barely misses you. The wight closely misses you.
You furiously retaliate!
You headbutt the wight. You hit the wight.
The wight is heavily damaged.
The wight hits you but does no damage. The wight barely misses you.
You furiously retaliate!
You headbutt the wight, but do no damage.
You hit the wight.
The wight is severely damaged.
The wight hits you from afar with a +2 trident of freezing!
The wight freezes you. The wight hits you but does no damage.
You hit the wight.
The wight is almost destroyed.
You hit the wight but do no damage.
The wight is almost destroyed.
The wight hits you but does no damage.
The wight hits you with a +0 morningstar!
You feel drained.
You hit the wight.
You destroy the wight!
Trog accepts your kill. The wight closely misses you.
Your life force feels restored.
Your Axes skill increases to level 8!
The wight hits you with a +2 trident of freezing.
You feel drained. The wight freezes you.
Items here: $ ) / [.
Enter note: You hit the wight.
The wight is lightly damaged.
You hit the wight. The wight hits you with a +0 flail!
You feel drained. The wight closely misses you.
3252 ||| READING scroll of teleportation.
As you read the scroll of teleportation, it crumbles to dust.
You feel strangely unstable. The wight hits you with a +0 flail!
The wight hits you with a +2 trident of freezing.
You die...

.#.###...##.##.........# ##..
............##.........# ....
##.####.#....#.........##..##.
#..###........?..........
#.###.#..............)...#
#.##..#......%......%...##
#.##[#..............%......#
#.##.#........z...<.....##...
#.#..........@z...####..# ##
##.#..#.........#..# ..#
###....##.........##.... ....
.................####### #...
..................# .###
.#................#
#<#...............######
.#.....................#
......###..........[...# #####


You could see 2 wights.

Vanquished Creatures
  2 phantoms (D:4)
  A wight (D:4)
  A jelly (D:4)
  An iguana (D:4)
  Robin (D:3)
  4 adders
  2 worms
  2 dart slugs (D:1)
  A bat (D:2)
  6 endoplasms
  4 giant cockroaches
  12 goblins
  10 hobgoblins
  A jackal (D:2)
  6 kobolds
  A quokka (D:1)
  4 ball pythons
  4 frilled lizards (D:1)
  5 rats
68 creatures vanquished.

Notes
Turn   | Place    | Note
-------+----------+-------------------------------------------
     0 | D:1      | qw the Minotaur Berserker began the quest for the Orb.
     0 | D:1      | Reached XP level 1. HP: 19/19 MP: 0/0
     0 | D:1      | 0 ||| qw: Version: 0.1-a-119-g272c26d
     0 | D:1      | 0 ||| qw: Game counter: 10903
     0 | D:1      | 0 ||| qw: Always use a shield: true
     0 | D:1      | 0 ||| qw: Do Orc after D:15 true
     0 | D:1      | 0 ||| qw: Do second Lair branch before Depths: true
     0 | D:1      | 0 ||| qw: Lair rune preference: random
     0 | D:1      | 0 ||| qw: Plans: Normal
     0 | D:1      | 0 ||| PLANNING D:1-11
   183 | D:1      | 183 ||| Stepping ~*~*~tactically~*~*~ (stealth).
   188 | D:1      | Reached skill level 4 in Axes
   218 | D:1      | 218 ||| Stepping ~*~*~tactically~*~*~ (stealth).
   293 | D:1      | Reached XP level 2. HP: 24/26 MP: 1/1
   623 | D:1      | 623 ||| INVOKING Berserk.
   624 | D:1      | 624 ||| INVOKING Berserk.
   625 | D:1      | Reached skill level 5 in Axes
   940 | D:1      | 940 ||| DROPPING +0 club.
  1035 | D:1      | 1035 ||| UPGRADING to +0 cloak.
  1040 | D:1      | 1040 ||| UPGRADING to ring of willpower.
  1041 | D:1      | 1041 ||| UPGRADING to ring of positive energy.
  1042 | D:1      | 1042 ||| READING scroll labelled LUTAYFAJUI.
  1085 | D:2      | You fall into a shaft and drop 1 floor!
  1103 | D:3      | Reached XP level 3. HP: 31/31 MP: 2/2
  1113 | D:3      | 1113 ||| Stepping ~*~*~tactically~*~*~ (stealth).
  1121 | D:3      | Reached ** piety under Trog
  1307 | D:2      | 1307 ||| Stepping ~*~*~tactically~*~*~ (stealth).
  1311 | D:2      | Found Kuicos's Weapon Shoppe.
  1342 | D:2      | 1342 ||| INVOKING Berserk.
  1398 | D:2      | 1398 ||| Stepping ~*~*~tactically~*~*~ (stealth).
  1405 | D:2      | 1405 ||| Stepping ~*~*~tactically~*~*~ (stealth).
  1525 | D:2      | Reached skill level 6 in Axes
  1525 | D:2      | Reached XP level 4. HP: 31/39 MP: 3/3
  1918 | D:2      | 1918 ||| UPGRADING to +0 chain mail.
  1928 | D:2      | 1928 ||| DROPPING +0 animal skin.
  1929 | D:2      | 1929 ||| READING 2 scrolls labelled KYSKAEJESM.
  1933 | D:2      | 1933 ||| READING scroll labelled FESUTO HOINIMUT.
  1934 | D:2      | 1934 ||| READING scroll labelled FEOCUI XOHAL.
  1935 | D:2      | 1935 ||| READING scroll labelled RAULUC XOTSAY.
  1936 | D:2      | 1936 ||| READING scroll labelled DOIDOMN VIOR.
  1937 | D:2      | 1937 ||| DRINKING 2 inky potions.
  1938 | D:2      | 1938 ||| DRINKING 2 clear potions.
  1939 | D:2      | 1939 ||| DROPPING potion of attraction.
  1951 | D:3      | Noticed Robin
  1952 | D:3      | 1952 ||| STAIRDANCE
  1970 | D:3      | 1970 ||| STAIRDANCE
  1992 | D:3      | 1992 ||| STAIRDANCE
  2045 | D:3      | 2045 ||| STAIRDANCE
  2083 | D:3      | 2083 ||| STAIRDANCE
  2089 | D:3      | 2089 ||| INVOKING Berserk.
  2094 | D:3      | Killed Robin
  2099 | D:3      | 2099 ||| STAIRDANCE
  2336 | D:3      | Noticed a small abomination
  2341 | D:3      | Found a one-way gate to the infinite horrors of the Abyss.
  2341 | D:3      | Noticed qw's ghost (amateur GrFi)
  2342 | D:3      | Noticed a kobold brigand
  2343 | D:3      | Found a transporter.
  2393 | D:3      | 2393 ||| READING scroll of enchant armour.
  2393 | D:3      | 2393 ||| ENCHANTING +0 cloak.
  2509 | D:3      | Found a transporter.
  2658 | D:3      | Found a faded altar of an unknown god.
  2732 | D:3      | 2732 ||| UPGRADING to +0 plate armour.
  2742 | D:3      | 2742 ||| DROPPING +0 chain mail.
  2743 | D:3      | 2743 ||| DROPPING orb of wrath.
  2744 | D:3      | 2744 ||| UPGRADING to ring of willpower.
  2746 | D:3      | 2746 ||| READING scroll labelled USSIVV VUAHEE.
  2747 | D:3      | 2747 ||| DRINKING 3 emerald potions.
  2748 | D:3      | 2748 ||| DRINKING 2 fizzy grey potions.
  2749 | D:3      | 2749 ||| DROPPING 2 potions of flight.
  2797 | D:4      | Noticed a phantom
  2805 | D:4      | Noticed a phantom
  2809 | D:4      | Killed a phantom
  2810 | D:4      | Reached skill level 7 in Axes
  2810 | D:4      | Reached XP level 5. HP: 34/45 MP: 4/4
  2810 | D:4      | 2810 ||| FLEEEEING.
  2811 | D:4      | 2811 ||| FLEEEEING.
  2812 | D:4      | 2812 ||| STAIRDANCE
  2882 | D:3      | 2882 ||| READING scroll labelled ZUBBAS WYESAOT.
  2889 | D:4      | Killed a phantom
  2890 | D:4      | Reached skill level 3 in Armour
  2892 | D:4      | Reached XP level 6. HP: 49/52 MP: 5/5
  2923 | D:4      | Reached *** piety under Trog
  2976 | D:4      | 2976 ||| INVOKING Berserk.
  3142 | D:4      | 3142 ||| Stepping ~*~*~tactically~*~*~ (stealth).
  3143 | D:4      | 3143 ||| Stepping ~*~*~tactically~*~*~ (stealth).
  3152 | D:4      | Found Erphuo's Antique Armour Boutique.
  3195 | D:4      | Found a runed translucent door.
  3196 | D:4      | Noticed Crazy Yiuf
  3250 | D:4      | Reached skill level 8 in Axes
  3251 | D:4      | HP: 11/49 [wight/+0 flail (6)]
  3252 | D:4      | 3252 ||| READING scroll of teleportation.
  3252 | D:4      | HP: 4/49 [wight/+0 flail (7)]
  3252 | D:4      | Slain by a wight

Levels and vault maps discovered:
D:1:      scummos_arrival_simple_crosswalls, layout_basic, nrook_campfire,
          nicolae_wormholes
D:2:      layout_basic, serial_shops, nicolae_shop_hallway_plus, serial_forest,
          infiniplex_forest_end_2, infiniplex_forest_lined_room_,
          infiniplex_forest_lined_2, infiniplex_forest_lined_2,
          infiniplex_forest_straight_3, infiniplex_forest_lined_corner,
          minmay_indecisive_spiral
D:3:      layout_basic, gammafunk_ghost_abyssal_escape,
          ebering_ecumenical_altar_hall, uniq_robin
D:4:      layout_rooms, amcnicky_altar_gilded, lightli_temple_of_fire,
          st_stairs_14, nicolae_take_the_stairs, uniq_crazy_yiuf_cottage

Skill      XL: |  1  2  3  4  5  6 |
---------------+-------------------+-----
Axes           | 4 5 6 7 8 |  8.0
Armour         | 3 |  3.9
Fighting       | 4 |  4.1
Dodging        | |  2.1

Action                   |  1- 3 |  4- 6 || total
-------------------------+-------+-------++-------
Melee: Hand axe          |    81 |    72 ||   153
       Headbutt          |     8 |     9 ||    17
Invok: Berserk           |     2 |     2 ||     4
  Use: Scroll            |     1 |     9 ||    10
       Potion            |       |     4 ||     4
 Stab: Distracted        |     1 |       ||     1
Armor: Animal skin       |    12 |     1 ||    13
       Chain mail        |       |    23 ||    23
       Plate armour      |       |    15 ||    15
Dodge: Dodged            |    39 |    35 ||    74

Table legend:
 A = Non-vault XP
 B = Vault XP
 C = Vault XP percentage of total XP
 D = Non-vault monster count
 E = Vault monster count
 F = Vault count percentage of total count
                 A         B        C        D         E       F
            +---------+---------+-------+---------+---------+-------
      Total |     492 |      52 |   9.6 |      51 |      17 |  25.0
            +---------+---------+-------+---------+---------+-------
        D:1 |      34 |       5 |  12.8 |      18 |       1 |   5.3
        D:2 |      43 |      27 |  38.6 |      12 |      13 |  52.0
        D:3 |      30 |      18 |  37.5 |      11 |       2 |  15.4
        D:4 |     385 |       2 |   0.5 |      10 |       1 |   9.1
            +---------+---------+-------+---------+---------+-------
